 Dungeon Sprint DCSS version 0.31-a0-18-gea43df2a32 (webtiles) character file.

Game seed: 2893191924090309907

12141 sircluck the Wrestler (level 11, -17/119 HPs)
             Began as a Troll Berserker on May 9, 2023.
             Was the Champion of Trog.
             Demolished by an orc warrior
             ... wielding a +0 glaive
              (23 damage)
             ... in the Dungeon (Sprint IX: "|||||||||||||||||||||||||||||").
             The game lasted 00:03:57 (1152 turns).

sircluck the Wrestler (Troll Berserker)             Turns: 1152, Time: 00:03:57

Health: -17/119    AC:  8    Str: 31    XL:     11   Next: 58%
Magic:  10/10      EV: 15    Int:  3    God:    Trog [******]
Gold:   1268       SH:  0    Dex:  9    Spells: 10/10 levels left

rFire   . .          .
                       - Unarmed
rCold   . . .        (no shield)
rNeg    . . .        a - +0 animal skin
rPois   .            q - +1 hat
rElec   .            p - +0 cloak
rCorr   .            (gloves unavailable)
SInv    .            (boots unavailable)
Will    .....        (no amulet)
Stlth   +            j - +2 ring of protection
HPRegen 1.19/turn    k - +2 ring of evasion
MPRegen 0.12/turn

%: no teleportation
@: no status effects
A: large, unfitting armour, claws 3, regeneration 1, shaggy fur 1, tough skin 1
a: Renounce Religion, Berserk, Trog's Hand, Brothers in Arms


You were in the Dungeon.
You worshipped Trog.
Trog was exalted by your worship.
You visited 1 branch You collected 1268 gold pieces.

Inventory:

Armour
 a - a +0 animal skin (worn)
 p - a +0 cloak (worn)
 q - a +1 hat (worn)
Jewellery
 j - a +2 ring of protection (left claw)
 k - a +2 ring of evasion (right claw)
Wands
 i - a wand of roots (10)
 o - a wand of light (9)
Scrolls
 g - 2 scrolls of blinking
 l - a scroll of identify
 m - 4 scrolls of fog
 n - a scroll of fear
Potions
 b - 7 potions of curing
 c - 2 potions of heal wounds
 d - 4 potions of haste
 e - 4 potions of magic
 f - 2 potions of berserk rage
 h - a potion of invisibility


   Skills:
 + Level 10.7 Fighting
 + Level 12.9 Dodging
 + Level 0.5 Stealth
 + Level 21.8 Unarmed Combat


You had 10 spell levels left.
You didn't know any spells.
Your spell library was empty.

Dungeon Overview and Level Annotations

Branches:
Dungeon (1/1)

Altars:
Cheibriados
Dithmenos
Elyvilon
Fedhas
Gozag
Hepliaklqana
Kikubaaqudgha
Makhleb
Nemelex Xobeh
Okawaru
Qazlal
Ru
Sif Muna
Trog
Uskayaw
Vehumet
Wu Jian
Xom
Yredelemnul
Zin
The Shining One
Jiyva
Lugonu

Shops:
D [*


Innate Abilities, Weirdness & Mutations

You are too large for most types of armour.
You have claws for hands.
Your natural rate of healing is unusually fast.
You are covered in fur. (AC +1)
You have tough skin. (AC +1)


Message History

Trog accepts your kill.
The orc knight hits you but does no damage.
Items here: )) [ ÷ †.
You eviscerate the orc knight!!!
The orc knight is severely wounded.
The orc knight hits you with a +0 battleaxe!!!
* * * LOW HITPOINT WARNING * * *
You barely miss the orc knight.
The orc knight is severely wounded.
The orc knight barely misses you.
You barely miss the orc knight.
The orc knight is severely wounded.
You claw the orc knight!
The orc knight is almost dead.
The orc knight hits you with a +0 battleaxe!
* * * LOW HITPOINT WARNING * * *
You feel much better. The orc knight completely misses you.
You eviscerate the orc knight!!!
You kill the orc knight!
Trog accepts your kill. The orc warrior closely misses you. x2
Items here: $ ))) [[[.
You closely miss the orc warrior. You claw the orc warrior!
The orc warrior is heavily wounded.
The orc warrior misses you.
The orc warrior hits you from afar with a +0 glaive!
* * * LOW HITPOINT WARNING * * *
You eviscerate the orc warrior!!!
You kill the orc warrior!
Trog accepts your kill.
The orc warrior hits you from afar with a +0 glaive!!
* * * LOW HITPOINT WARNING * * *
The orc warrior misses you.
Items here: $ ))) [[ ÷ †.
You scratch the orc warrior.
The orc warrior is lightly wounded.
You completely miss the orc warrior. Your claw misses the orc warrior.
The orc warrior is lightly wounded.
The orc warrior hits you with a +0 glaive!!
You die...

________________'....†'....†'...<
▓▓▓▓▓▓▓▓▓▓▓▓▓▓▓▓▓▓▓▓▓▓▓▓▓▓▓▓▓▓▓▓▓
.................................
▓▓▓▓▓▓▓▓▓▓▓▓▓▓▓▓▓▓▓▓▓▓▓▓▓▓▓▓▓▓▓▓.
††)........†)....[:[..!..'.......
▓▓▓▓▓▓▓▓▓▓▓▓▓▓▓▓▓▓▓▓▓▓▓▓▓▓▓▓▓▓▓▓▓
)................................
▓▓▓▓▓▓▓▓▓▓▓▓▓▓▓▓▓▓▓▓▓▓▓▓▓▓▓▓▓▓▓▓.
)))))).....))))o@)))........).)..
▓▓▓▓▓▓▓▓▓▓▓▓▓▓▓▓▓▓▓▓▓▓▓▓▓▓▓▓▓▓▓▓▓


You could see an orc warrior (strong).

Vanquished Creatures
  Gastronok (D)
  A boulder beetle (D)
  A skyshark (D)
  5 orc knights (D)
  A manticore (D)
  An elephant (D)
  A black mamba (D)
  Maurice (D)
  A torpor snail (D)
  A cane toad (D)
  A rime drake (D)
  2 trolls (D)
  2 tyrant leeches (D)
  4 blink frogs (D)
  A shadow (D)
  3 yaks (D)
  A wyvern (D)
  3 vampire mosquitoes (D)
  An acid dragon (D)
  4 water moccasins (D)
  16 orc warriors (D)
  A centaur (D)
  6 bullfrogs (D)
  A scorpion (D)
  A howler monkey (D)
  A hound (D)
  A jelly (D)
  5 orc priests (D)
  An orc wizard (D)
  An ufetubus (D)
  7 orcs (D)
  2 endoplasms (D)
  A giant cockroach (D)
  A hobgoblin (D)
  A bat (D)
82 creatures vanquished.

Notes
Turn   | Place    | Note
-------+----------+-------------------------------------------
     0 | D        | sircluck the Troll Berserker began the quest for the Orb.
     0 | D        | Reached XP level 1. HP: 22/22 MP: 0/0
    11 | D        | Reached ** piety under Trog
    20 | D        | Noticed a howler monkey
    20 | D        | Noticed a hound
    20 | D        | Noticed a scorpion
    20 | D        | Noticed a jelly
    21 | D        | Killed a jelly
    22 | D        | Reached skill level 4 in Unarmed Combat
    22 | D        | Reached XP level 2. HP: 32/32 MP: 1/1
    22 | D        | Reached XP level 3. HP: 39/39 MP: 2/2
    30 | D        | Killed a scorpion
    30 | D        | Reached *** piety under Trog
    31 | D        | Reached skill level 6 in Unarmed Combat
    31 | D        | Reached XP level 4. HP: 26/49 MP: 3/3
    33 | D        | Reached skill level 5 in Dodging
    35 | D        | Reached skill level 5 in Fighting
    47 | D        | Reached **** piety under Trog
    48 | D        | Reached skill level 7 in Unarmed Combat
    48 | D        | Reached XP level 5. HP: 17/57 MP: 4/4
    53 | D        | Found a snail-covered altar of Cheibriados.
    53 | D        | Found a shadowy altar of Dithmenos.
    53 | D        | Found a white marble altar of Elyvilon.
    53 | D        | Found a blossoming altar of Fedhas.
    53 | D        | Found an opulent altar of Gozag.
    54 | D        | Found a hazy altar of Hepliaklqana.
    55 | D        | Found a viscous altar of Jiyva.
    56 | D        | Found an ancient bone altar of Kikubaaqudgha.
    57 | D        | Found a corrupted altar of Lugonu.
    58 | D        | Found a burning altar of Makhleb.
    59 | D        | Found a sparkling altar of Nemelex Xobeh.
    60 | D        | Found an iron altar of Okawaru.
    61 | D        | Found a stormy altar of Qazlal.
    62 | D        | Found a sacrificial altar of Ru.
    63 | D        | Found a shimmering blue altar of Sif Muna.
    64 | D        | Found a bloodstained altar of Trog.
    65 | D        | Found a hide-covered altar of Uskayaw.
    66 | D        | Found a radiant altar of Vehumet.
    67 | D        | Found an ornate altar of the Wu Jian Council.
    68 | D        | Found a shimmering altar of Xom.
    69 | D        | Found a basalt altar of Yredelemnul.
    70 | D        | Found a glowing silver altar of Zin.
    71 | D        | Found a glowing golden altar of the Shining One.
    97 | D        | Noticed an orc warrior
    97 | D        | Noticed a troll
    97 | D        | Noticed a troll
    97 | D        | Noticed a centaur
    97 | D        | Noticed a yak
    97 | D        | Noticed a yak
   102 | D        | Killed a yak
   103 | D        | Reached skill level 8 in Unarmed Combat
   103 | D        | Reached XP level 6. HP: 67/67 MP: 5/5
   105 | D        | Killed a yak
   106 | D        | Reached skill level 9 in Unarmed Combat
   109 | D        | Reached skill level 10 in Unarmed Combat
   109 | D        | Reached XP level 7. HP: 75/78 MP: 6/6
   111 | D        | Killed a troll
   112 | D        | Reached skill level 11 in Unarmed Combat
   114 | D        | Killed a troll
   119 | D        | Reached ***** piety under Trog
   120 | D        | Reached skill level 12 in Unarmed Combat
   120 | D        | Reached XP level 8. HP: 36/88 MP: 7/7
   170 | D        | Noticed a boulder beetle
   170 | D        | Noticed a manticore
   178 | D        | Killed a manticore
   179 | D        | Reached skill level 13 in Unarmed Combat
   189 | D        | Killed a boulder beetle
   190 | D        | Reached skill level 14 in Unarmed Combat
   190 | D        | Reached XP level 9. HP: 38/98 MP: 8/8
   198 | D        | Reached skill level 10 in Dodging
   368 | D        | Noticed a black mamba
   372 | D        | Identified the +5 hand axe "Ifator" {flame, Fly} (Trog
                  | gifted it to you in the Dungeon)
   372 | D        | Received a gift from Trog
   373 | D        | Reached skill level 15 in Unarmed Combat
   374 | D        | Noticed a rime drake
   379 | D        | Killed a black mamba
   388 | D        | Reached skill level 16 in Unarmed Combat
   389 | D        | Reached ****** piety under Trog
   389 | D        | Received a gift from Trog
   391 | D        | Killed a rime drake
   467 | D        | Noticed a cane toad
   467 | D        | Noticed an elephant
   467 | D        | Noticed a torpor snail
   470 | D        | Reached XP level 10. HP: 109/109 MP: 9/9
   474 | D        | Noticed a skyshark
   476 | D        | Killed a torpor snail
   477 | D        | Reached skill level 17 in Unarmed Combat
   480 | D        | Killed an elephant
   485 | D        | Killed a cane toad
   485 | D        | Identified the +9 battleaxe "Efota Zite" {antimagic,
                  | Will++} (Trog gifted it to you in the Dungeon)
   485 | D        | Received a gift from Trog
   487 | D        | Reached skill level 10 in Fighting
   495 | D        | Killed a skyshark
   496 | D        | Reached skill level 18 in Unarmed Combat
   604 | D        | Reached skill level 19 in Unarmed Combat
   609 | D        | Received a gift from Trog
   707 | D        | Noticed Maurice
   717 | D        | Killed Maurice
   756 | D        | Noticed Gastronok
   768 | D        | Killed Gastronok
   769 | D        | Reached skill level 20 in Unarmed Combat
   769 | D        | Reached XP level 11. HP: 36/119 MP: 10/10
   881 | D        | Received a gift from Trog
   899 | D        | Received a gift from Trog
   953 | D        | Noticed an orc knight
   957 | D        | Received a gift from Trog
   967 | D        | Killed an orc knight
   995 | D        | Found Axa Genlia's General Store.
   995 | D        | Noticed an orc knight
   995 | D        | Noticed an orc knight
   995 | D        | Noticed an orc knight
   997 | D        | Noticed an orc knight
   999 | D        | Killed an orc knight
   999 | D        | Identified the +3 dagger of the Warrior {flame, Dex+3 SInv
                  | Stlth+} (Trog gifted it to you in the Dungeon)
   999 | D        | Received a gift from Trog
  1000 | D        | Reached skill level 21 in Unarmed Combat
  1000 | D        | Found Xanuq's Antique Armour Shop.
  1083 | D        | Killed an orc knight
  1139 | D        | Killed an orc knight
  1146 | D        | Killed an orc knight
  1149 | D        | HP: 4/119 [orc warrior/+0 glaive (20)]
  1152 | D        | Demolished by an orc warrior

Illustrated notes

Levels and vault maps discovered:
D:        linesprint [early_d, line_temple, items_1, d_10, items_2, lair_1,
          lair_end, items_3, orc_1, orc_end, items_4, d_15, swamp_1, shoals_1,
          snake_1, spider_1, d_20, vaults_1, items_5, swamp_end, shoals_end,
          snake_end, spider_end, vaults_end, d_27, items_6, zot_1, zot_end,
          crypt_end, forest_end, elf_end, slime_end, tomb_end, abyss_end,
          pan_hell_end]

Skill      XL: |  1  2  3  4  5  6  7  8  9 10 11 |
---------------+----------------------------------+-----
Fighting       | 3 4 5 6 7 9 10 | 10.7
Dodging        | 3 4 5 6 7 8 9 10 12 | 12.9
Unarmed Combat | 4 6 7 8 10 12 14 16 20 21 | 21.8
Stealth        | |  0.5

Action                     |  1- 3 |  4- 6 |  7- 9 | 10-12 || total
---------------------------+-------+-------+-------+-------++-------
  Melee: Unarmed           |    19 |    27 |    64 |   146 ||   256
         Punch             |     1 |       |     3 |    13 ||    17
 Invoke: Berserk           |       |       |     1 |       ||     1
    Use: Scroll            |       |       |       |     1 ||     1
         Potion            |       |       |       |     1 ||     1
 Armour: Animal skin       |     8 |     4 |    13 |    14 ||    39
  Dodge: Dodged            |     6 |    15 |    22 |    56 ||    99

Table legend: (Time is in decaauts)
 A = Elapsed time spent in this place.
 B = Non-inter-level travel time spent in this place.
 C = Inter-level travel time spent in this place.
 D = Time resting spent in this place.
 E = Time spent auto-exploring this place.
 F = Levels seen in this place.
 G = Mean time per level.
                   A        B        C        D        E       F      G
               +--------+--------+--------+--------+--------+-----+--------+
         Total |   1093 |   1087 |      6 |    189 |    430 |   1 | 1093.0 |
       Dungeon |   1093 |   1087 |      6 |    189 |    430 |   1 | 1093.0 |
               +--------+--------+--------+--------+--------+-----+--------+

Top non-repeatable levels by time:
       D: 1093 daAuts
